AoeStats
← 从不压堡之人

MegaRandom

509292798Analyzed
4v4 RM · 6d ago on Sep 26, 2026· 39m 43s· 8 players
Game mode
Random Map
Map size
Large (8 player)
Population
200
Speed
Normal
Resources
Standard
Victory
Conquest
Starting age
Dark Age
Ending age
Imperial Age
RankedLock teamsTeams togetherTeam positionsShared explorationLock speedFull tech treeHidden civsTurbo modeCheats
Victory
Defeat
🇨🇳 Mongols · China
1347
+6
🇨🇳 Spanish · China
1072
+16
🇭🇰 Saxons · Hong Kong SAR China
986
+19
🇨🇳 Danes · China
910
+22
🇹🇼 Danes · Taiwan
1085
-16
🇹🇼 Poles · Taiwan
1072
-16
🇨🇳 Malay · China
1069
-16
🇹🇼 Tupi · Taiwan
1064
-15
Dustin(SS)
11:24 Feudal Age
11:48 Loom
11:52 Man-at-Arms
18:54 Castle Age
16:57 Horse Collar
17:31 Double-Bit Axe
19:14 Elite Skirmisher
23:03 Bow Saw
32:02 Imperial Age
32:09 Wheelbarrow
33:00 Conscription
33:56 Husbandry
34:08 Scale Barding Armor
38:12 Light Cavalry
39:22 Forced Levy
Dongyin Empire
11:00 Feudal Age
9:53 Loom
11:38 Loom
16:27 Castle Age
15:47 Double-Bit Axe
18:29 Bow Saw
18:14 Horse Collar
18:59 Heavy Plow
23:50 Wheelbarrow
25:49 Hand Cart
27:42 Gold Mining
27:44 Stone Mining
31:41 Imperial Age
29:34 Scale Barding Armor
29:40 Forging
29:46 Bloodlines
29:36 Husbandry
28:59 Light Cavalry
31:12 Chain Barding Armor
32:19 Iron Casting
34:03 Crop Rotation
34:03 Lechitic Legacy
34:05 Conscription
35:56 Winged Hussar
39:39 Fletching
40:50 Blast Furnace
39:51 Padded Archer Armor
weiweifallen
10:52 Feudal Age
11:34 Double-Bit Axe
18:51 Castle Age
17:55 Stone Mining
20:20 Loom
22:02 Gold Mining
22:36 Bow Saw
30:04 Fletching
31:05 Wheelbarrow
32:11 Bodkin Arrow
38:40 Imperial Age
37:11 Bloodlines
OuO
9:14 Loom
11:29 Feudal Age
12:13 Double-Bit Axe
13:26 Wheelbarrow
14:21 Horse Collar
21:05 Castle Age
19:19 Fletching
20:16 Gold Mining
20:18 Stone Mining
24:39 Hand Cart
25:13 Bow Saw
25:03 Heavy Plow
25:46 Gold Shaft Mining
25:12 Heavy Plow
28:56 Bodkin Arrow
29:45 Ballistics
29:43 Town Watch
34:23 Imperial Age
33:47 Padded Archer Armor
34:03 Town Patrol
35:31 Elite Blackwood Archer
36:34 Conscription
37:36 Two-Man Saw
37:40 Chemistry
叫声乌鸦哥
9:30 Loom
11:43 Feudal Age
12:47 Town Watch
15:29 Castle Age
16:33 Double-Bit Axe
16:29 Horse Collar
17:17 Heavy Plow
24:31 Wheelbarrow
31:04 Imperial Age
29:31 Fletching
30:13 Bow Saw
29:55 Gold Mining
31:49 Bodkin Arrow
32:33 Bracer
33:52 Ballistics
33:31 Onager
34:35 Siege Engineers
35:14 Conscription
36:15 Hand Cart
37:31 Chemistry
36:34 Padded Archer Armor
37:20 Drill
D4C
11:36 Feudal Age
12:55 Double-Bit Axe
13:20 Horse Collar
15:47 Castle Age
14:51 Loom
18:21 Bow Saw
20:59 Town Watch
24:04 Fishing Lines
26:31 Gillnets
28:28 Wheelbarrow
30:49 Hand Cart
30:34 Town Patrol
30:44 Squires
30:30 Gambesons
30:31 Arson
31:32 Fletching
31:55 Forging
31:46 Scale Mail Armor
35:04 Imperial Age
32:26 Gold Mining
32:26 Stone Mining
32:46 Heavy Plow
33:51 Iron Casting
33:04 Hamask
34:32 Gold Shaft Mining
34:32 Stone Shaft Mining
35:03 Chain Mail Armor
36:03 Ballistics
36:34 Plate Mail Armor
37:04 Blast Furnace
36:06 Bodkin Arrow
37:57 Chemistry
36:52 Murder Holes
37:48 Conscription
37:58 Elite Jomsviking
从不压堡之人
11:24 Feudal Age
14:47 Castle Age
13:15 Horse Collar
18:06 Loom
24:07 Town Watch
26:01 Fletching
27:08 Fishing Lines
30:02 Wheelbarrow
33:54 Imperial Age
32:06 Bodkin Arrow
32:32 Ballistics
33:09 Stone Mining
33:10 Gold Mining
33:32 Padded Archer Armor
34:09 Husbandry
34:20 Bloodlines
35:34 Chemistry
34:53 Caravan
36:27 Bracer
37:58 Coinage
38:30 Hand Cart
夜清尘
11:20 Feudal Age
15:16 Castle Age
14:33 Double-Bit Axe
14:32 Horse Collar
16:16 Bow Saw
18:27 Wheelbarrow
17:38 Loom
33:55 Imperial Age
31:41 Hand Cart
31:23 Fishing Lines
31:47 Gold Mining
31:47 Arson
33:41 Gold Shaft Mining
32:57 Stone Mining
33:12 Squires
32:58 Gambesons
33:24 Scale Mail Armor
33:36 Forging
34:13 Gillnets
33:58 Elite Varangian Guard
34:02 Shield Wall
35:02 Conscription
35:03 Chain Mail Armor
35:58 Iron Casting
36:22 Plate Mail Armor
35:31 Elite Hearth Troop
37:39 Two-Man Saw
36:53 Caravan
Connection lost

Rejoining the realm…

Still unreachable

The connection could not be restored.

Session expired

The server has moved on; the page needs a fresh start.